 Dungeon Crawl Stone Soup version 0.30.1-11-g7821555f0a (webtiles) character file.

Game seed: 1484603323845297470

4790 ChrisAssaf the Thaumaturge (level 10, -3/67 HPs)
             Began as a Djinni Necromancer on Dec 15, 2023.
             Was an Initiate of Gozag.
             Slain by a freezing wraith (11 damage)
             ... led by a death knight
             ... on level 8 of the Dungeon.
             The game lasted 00:43:45 (8253 turns).

ChrisAssaf the Thaumaturge (Djinni Necromancer)     Turns: 8253, Time: 00:43:46

Health: -3/67      AC:  6    Str:  9    XL:     10   Next: 76%
Gold:   761        EV: 14    Int: 26    God:    Gozag SH:  0 Dex: 13

rFire   + + .        g - +2 whip (venom)
rCold   x x .        (no shield)
rNeg    . . .        a - +1 robe
rPois   ∞            (no helmet)
rElec   .            (no cloak)
rCorr   .            y - +2 pair of gloves
SInv    +            (boots unavailable)
Will    ++...        (no amulet)
Stlth   +++          w - ring of Eczid {rC- Will+ Int+6 SInv}
HPRegen 0.31/turn    (no ring)
MPRegen 0.00/turn

%: infuse magic (-4 HP)
@: gold aura, flying
A: sickness immunity, fire resistance 2, cold vulnerability 1, float, innate
caster, HP casting, extra vitality 1
a: Renounce Religion, Potion Petition, Call Merchant, Bribe Branch


You were on level 8 of the Dungeon.
You worshipped Gozag.
Gozag was pleased with you.
You visited 1 branch of the dungeon, and saw 8 of its levels.

You collected 1658 gold pieces.
You spent 849 gold pieces at shops.
You paid 48 gold pieces to Gozag.

Inventory:

Hand Weapons
 g - a +2 whip of venom (weapon)
 n - a +0 club
 B - a +0 short sword
Missiles
 d - 4 atropa-tipped darts (quivered)
Armour
 a - a +1 robe (worn)
 y - a +2 pair of gloves (worn)
Jewellery
 w - the ring of Eczid (left hand) {rC- Will+ Int+6 SInv}
   (You bought it in a shop on level 5 of the Dungeon)

   [ring of willpower]

   Int:       It affects your intelligence (+6).
   rC:        It makes you vulnerable to cold.
   SInv:      It lets you see invisible.
   Will:      It increases your willpower.
Wands
 c - a wand of flame (6)
 i - a wand of paralysis (9)
 s - a wand of digging (5)
 A - a wand of iceblast (7)
Scrolls
 b - a scroll of silence
 q - a scroll of fog
 t - a scroll of amnesia
 u - a scroll of vulnerability
Potions
 e - a potion of cancellation {unknown}
 f - 2 potions of heal wounds {unknown}
 h - 4 potions of brilliance
 j - 3 potions of curing
 k - 2 potions of mutation {unknown}
 l - a potion of experience {unknown}
 m - a potion of berserk rage {unknown}
 p - a potion of lignification {unknown}
 r - 3 potions of attraction {unknown}
 v - a potion of resistance {unknown}
 C - a potion of degeneration {unknown}


   Skills:
 * Level 4.0 Fighting
 * Level 1.5 Maces & Flails
 * Level 4.1 Throwing
 * Level 4.3 Armour
 * Level 5.5 Dodging
 * Level 4.2 Stealth
 * Level 8.3 Spellcasting
 * Level 3.9 Evocations


You knew the following spells:

 Your Spells              Type           Power      Damage    Failure   Level
a - Necrotise             Necr           100%       1d9       1%          1
b - Vampiric Draining     Necr           53%        2d9       1%          3
c - Animate Dead          Necr           53%        N/A       1%          4
d - Agony                 Necr           53%        N/A       4%          5
e - Sandblast             Erth           100%       2d20      1%          1
f - Searing Ray           Conj           100%       2d8       1%          2
g - Blink                 Tloc           100%       N/A       1%          2
h - Anguish               Hex/Necr       26%        N/A       1%          4
Your spell library was empty.

Dungeon Overview and Level Annotations

Branches:
Dungeon (8/15)             Temple (0/1) D:7
   Lair: D:8-11

Altars:
Ashenzari
Dithmenos
Gozag
Nemelex Xobeh
Okawaru
Qazlal
Ru
Trog
Wu Jian
Yredelemnul

Shops:
D:1 :?   D:5 =*=


Innate Abilities, Weirdness & Mutations

You are immune to sickness and miasma.
You are immune to poison.
Your flesh is very heat resistant. (rF++)
You are vulnerable to cold. (rC-)
You float through the air rather than walking.
You learn spells naturally, not from books.
Your magical power is your life essence.
You have superior vitality. (+4 MHP)


Message History

You can't see any susceptible monsters within range! (Use Z to cast anyway.) Unknown command.
Casting: Anguish (dangerous; 1% risk of failure)
Confirm with . or Enter, or press ? or * to list all spells.
Okay, then.
Casting: Anguish (dangerous; 1% risk of failure)
Confirm with . or Enter, or press ? or * to list all spells.
You blink.
A death knight and 2 freezing wraiths come into view.
The death knight shouts!
Casting: Blink (safe; 1% risk of failure)
Confirm with . or Enter, or press ? or * to list all spells.
Aiming: Searing Ray (safe; 1% risk of failure)
Press: ? - help, Shift-Dir - straight line, f/p - freezing wraith
Aim: a freezing wraith (severely damaged, anguished, 83% to hit)
The searing ray hits the freezing wraith!
The freezing wraith is almost destroyed. (Press . to maintain the ray.)
The freezing wraith closely misses you. The freezing wraith hits you.
The freezing wraith is wracked by anguish.
The freezing wraith is destroyed!
The death knight calls down the wrath of Yredelemnul upon you.
You easily resist.
You see here 5 gold pieces.
You now have 761 gold pieces (gained 5).
You feel better.
The freezing wraith attacks as you move away!
The freezing wraith hits you. The freezing wraith freezes you!!
You feel a terrible chill!
* * * LOW HITPOINT WARNING * * *
The freezing wraith hits you but does no damage.
The death knight invokes the aid of Yredelemnul against you.
Your body is wracked with pain!
* * * LOW HITPOINT WARNING * * *
As you read the scroll of fog, it crumbles to dust.
The scroll dissolves into smoke.
The freezing wraith hits you but does no damage.
The freezing wraith hits you!
You die...
Your body crumbles into a pile of gold.

.......# .......# .......
.......# ....... .......#
....... .......# .......
.......############.......
..§.§.....................
≈§§§§≈.........§§§§.......
§§≈≈§..........§@W§W......
_§...8.........§§§§.......
§§§≈..........§...§.......
≈§§≈§≈.############.p.....
.§§§.§.# ....... ..§..§.#
....... .......# .......
.......# ....... ########


You could see a freezing wraith.

Vanquished Creatures
  The ghost of bairyn the Magician, a novice DESu (D:7)
  A wyvern (D:8)
  3 yaks (D:8)
  A steam dragon (D:7)
  Menkaure (D:7)
  A water moccasin (D:5)
  2 orc warriors (D:7)
  A sky beast (D:8)
  3 black bears
  3 ogres
  3 centaurs
  3 kobold brigands
  3 bullfrogs
  3 scorpions
  4 killer bees (D:7)
  A howler monkey (D:7)
  A jelly (D:4)
  4 orc priests
  5 hounds
  3 iguanas
  5 gnoll boudas
  2 orc wizards
  28 gnolls
  8 adders
  2 shadow imps
  3 ufetubi
  2 worms
  4 dart slugs
  28 orcs
  4 bats
  3 endoplasms
  2 giant cockroaches (D:2)
  3 goblins
  8 hobgoblins
  3 jackals (D:4)
  14 kobolds
  5 quokkas
  7 ball pythons
  5 frilled lizards
  9 rats
192 creatures vanquished.

Vanquished Creatures (collateral kills)
  A goblin (D:1)
  A ball python (D:1)
2 creatures vanquished.

Vanquished Creatures (others)
  A freezing wraith (D:8)
  A komodo dragon (D:8)
  A black bear (D:6)
  A scorpion (D:7)
  A kobold (D:6)
5 creatures vanquished.

Grand Total: 199 creatures vanquished

Notes
Turn   | Place    | Note
-------+----------+-------------------------------------------
     0 | D:1      | ChrisAssaf the Djinni Necromancer began the quest for the
                  | Orb.
     0 | D:1      | ChrisAssaf set off with the following spells memorised:
                  | Necrotise, Vampiric Draining, Animate Dead, Agony.
     0 | D:1      | Reached XP level 1. HP: 15/15 MP: 0/0
   126 | D:1      | Reached XP level 2. HP: 21/21 MP: 0/0
   193 | D:2      | HP: 1/21 [quokka (2)]
   320 | D:2      | Reached XP level 3. HP: 18/26 MP: 0/0
   320 | D:2      | Learned a level 1 spell: Sandblast
   397 | D:2      | Found a broken altar of Ashenzari.
   512 | D:3      | Found an opulent altar of Gozag.
   539 | D:3      | Found an ornate altar of the Wu Jian Council.
   542 | D:3      | Became a worshipper of Gozag Ym Sagoz the Greedy
   593 | D:3      | Reached XP level 4. HP: 30/31 MP: 0/0
   604 | D:3      | Found a faded altar of an unknown god.
   609 | D:3      | Found a sacrificial altar of Ru.
   721 | D:3      | Reached skill level 1 in Fighting
   724 | D:3      | Reached skill level 1 in Armour
   724 | D:3      | Reached skill level 4 in Spellcasting
   917 | D:2      | Reached XP level 5. HP: 36/37 MP: 0/0
   917 | D:2      | Learned a level 2 spell: Searing Ray
  1244 | D:3      | Found a basalt altar of Yredelemnul.
  2006 | D:1      | Found Mawech's Book Boutique.
  2380 | D:1      | Found The Oracle's Delphic Readings.
  2386 | D:1      | Bought a scroll of identify for 24 gold pieces
  2386 | D:1      | Bought a scroll of poison for 48 gold pieces
  2386 | D:1      | Bought a scroll of teleportation for 36 gold pieces
  2386 | D:1      | Bought 3 scrolls of butterflies for 144 gold pieces
  2386 | D:1      | Bought a scroll of fog for 48 gold pieces
  2694 | D:4      | Reached XP level 6. HP: 19/42 MP: 0/0
  2725 | D:4      | Reached skill level 1 in Throwing
  2735 | D:4      | Reached skill level 1 in Evocations
  3104 | D:4      | Reached XP level 7. HP: 22/48 MP: 0/0
  3104 | D:4      | Learned a level 2 spell: Blink
  3526 | D:4      | Found a bloodstained altar of Trog.
  3702 | D:4      | Reached skill level 5 in Spellcasting
  3735 | D:5      | Entered Level 5 of the Dungeon
  3762 | D:5      | Found Fagaarghac's Assorted Antiques.
  3762 | D:5      | Noticed a water moccasin
  3774 | D:5      | Killed a water moccasin
  3775 | D:5      | Reached XP level 8. HP: 14/54 MP: 0/0
  3971 | D:5      | Found Uxaisa's Jewellery Shoppe.
  3974 | D:5      | Found Caoxiak's General Store.
  3983 | D:5      | Found an iron altar of Okawaru.
  4044 | D:5      | Bought a potion of curing for 45 gold pieces
  4044 | D:5      | Bought a potion of curing for 45 gold pieces
  4060 | D:5      | Found Sifeh's Jewellery Emporium.
  4866 | D:5      | Found a sparkling altar of Nemelex Xobeh.
  5054 | D:5      | Bought the ring of Eczid {rC- Will+ Int+6 SInv} for 459
                  | gold pieces
  5106 | D:6      | Reached skill level 6 in Spellcasting
  5220 | D:6      | Reached XP level 9. HP: 44/59 MP: 0/0
  5220 | D:6      | Learned a level 4 spell: Anguish
  5920 | D:7      | Found a staircase to the Ecumenical Temple.
  5920 | D:7      | Noticed Menkaure
  5924 | D:7      | Killed Menkaure
  5973 | D:7      | Reached skill level 7 in Spellcasting
  6158 | D:7      | Noticed bairyn's ghost (novice DESu)
  6288 | D:7      | Found a stormy altar of Qazlal.
  6297 | D:7      | Found a faded altar of an unknown god.
  6299 | D:7      | Found a faded altar of an unknown god.
  6313 | D:7      | Found a shadowy altar of Dithmenos.
  6472 | D:7      | Reached XP level 10. HP: 16/67 MP: 0/0
  6754 | D:7      | Reached skill level 5 in Dodging
  6911 | D:7      | Found a runed translucent door.
  7612 | D:7      | Killed bairyn's ghost
  7613 | D:7      | Reached skill level 1 in Maces & Flails
  7745 | D:8      | Reached skill level 8 in Spellcasting
  7794 | D:8      | Noticed a komodo dragon
  7807 | D:8      | Killed a komodo dragon
  8199 | D:8      | Found a broken altar of Ashenzari.
  8239 | D:8      | Noticed a freezing wraith
  8247 | D:8      | Noticed a death knight
  8247 | D:8      | Noticed a freezing wraith
  8247 | D:8      | Noticed a freezing wraith
  8248 | D:8      | Killed a freezing wraith
  8253 | D:8      | Slain by a freezing wraith

Illustrated notes

Levels and vault maps discovered:
D:1:      lemuel_arrival_room, layout_basic, serial_shops, shop,
          nicolae_nh_oracle_at_delphi
D:2:      layout_basic, basic_altar, nicolae_half_adder
D:3:      layout_loops_cross, overflow_temple_1_default,
          nicolae_overflow_squiral, nicolae_overflow_ecumenical_swirl
D:4:      layout_rooms, lemuel_crystal_altar, kennysheep_small_circle
D:5:      layout_basic, lemuel_tele_altar, okawaru_metal_pillars_3,
          serial_shops, nicolae_shop_pleasant_corner_grove, shop, shop, shop,
          grunt_decor_arrowhead, hex_tiny
D:6:      layout_rooms
D:7:      layout_loops_ring, chequers_temple_overflow_minitemple, temple_green,
          hellmonk_ghost_happy_afterlife, grunt_ministairs_11, sigmund_army,
          uniq_menkaure
D:8:      layout_gridville, mainiacjoe_overflow_paths,
          nicolae_sif_muna_condensation, mainiacjoe_overflow_catwalk

Skill      XL: |  1  2  3  4  5  6  7  8  9 10 |
---------------+-------------------------------+-----
Stealth        | 2 3 4 |  4.2
Fighting       | 1 2 3 4 |  4.0
Armour         | 1 2 3 4 |  4.3
Spellcasting   | 4 5 6 7 8 |  8.3
Throwing       | 1 2 3 4 |  4.1
Evocations     | 1 2 3 |  3.9
Dodging        | 3 4 5 |  5.5
Maces & Flails | 1 |  1.5

Action                     |  1- 3 |  4- 6 |  7- 9 | 10-12 || total
---------------------------+-------+-------+-------+-------++-------
  Melee: Unarmed           |     1 |       |     5 |       ||     6
         Whip              |       |       |    21 |    30 ||    51
         Punch             |       |       |       |     4 ||     4
  Throw: Boomerang         |       |    67 |     8 |       ||    75
         Throwing net      |       |       |     2 |     1 ||     3
   Cast: Necrotise         |    17 |    18 |     2 |     1 ||    38
         Sandblast         |     9 |    16 |     5 |     1 ||    31
         Vampiric Draining |     4 |    23 |    79 |    22 ||   128
         Searing Ray       |       |    10 |    28 |     4 ||    42
         Anguish           |       |       |    10 |     4 ||    14
         Blink             |       |       |     1 |     1 ||     2
  Evoke: Wand              |       |     2 |     3 |     3 ||     8
    Use: Scroll            |     2 |     6 |     8 |    14 ||    30
         Potion            |       |     1 |     6 |     2 ||     9
   Stab: Held in net/web   |       |       |     1 |     1 ||     2
         Distracted        |       |       |       |     2 ||     2
         Sleeping          |       |       |       |     2 ||     2
 Armour: Robe              |     6 |     6 |    29 |    14 ||    55
  Dodge: Dodged            |    30 |    37 |   146 |    54 ||   267
